Workbook

Sheet DATOS GENERALES
D8: DATOS GENERALES
D11: CLIENTE: | G11: OBRASCON HUARTE LAIN S.A. SUC. DEL PERU
D13: PROYECTO: | G13: DEFENSAS RIBEREÑAS DEL RIO LACRAMARCA - PAQUETE R-07 - QDA PAMPA DEL TORO
D16: CONTRATO: | G16: EJECUCION DE OBRA
D18: PRESUPUESTO: | G18: =PRESUPUESTO!G83 -> 1867929.8 | H18: Soles
D20: TIEMPO DE EJECUCION: | G20: 1 | H20: Meses
D22: FECHA DE PRESENTACION DE OFERTTA: | G22: ='[4]DATOS GENERALES'!$G$21 -> 44843
D24: TIPO DE CAMBIO: | G24: ='[4]DATOS GENERALES'!$G$23 -> 3.97 | H24: Soles/dollar
D26: COSTO COMBUSTIBLE SIN IGV: | G26: ='[4]DATOS GENERALES'!$G$25 -> 17.738983 | H26: Soles/gln

Sheet PRESUPUESTO
B3: PRESUPUESTO
B5: PROYECTO: | C5: DEFENSAS RIBEREÑAS DEL RIO LACRAMARCA - PAQUETE R-07 - QDA PAMPA DEL TORO
F6: Fecha Pres. | G6: 44707
B7: ÍTEM | C7: DESCRIPCIÓN | D7: UNIDAD | E7: METRADO | F7: P.U. | G7: SUBTOTAL
B8: 1.01 | C8: OBRAS PRELIMINARES | G8: =SUM(G9:G11) -> 139925 | K8: ET | L8: 6.3.6
B9: 36892 | C9: CARTEL DE IDENTIFICACIÓN DE OBRA 4.8 m x 3.60 m | D9: und | E9: 1 | F9: =[4]PRESUPUESTO!$F$8 -> 2800 | G9: =F9*E9 -> 2800 | K9: TDR | L9: 22
B10: 37257 | C10: INSTALACIONES PROVISIONALES PARA LA OBRA | D10: glb | E10: 1 | F10: =[4]PRESUPUESTO!$F$9 -> 50000 | G10: =F10*E10 -> 50000
B11: 37622 | C11: MANTENIMIENTO DE TRANSITO Y SEGURIDAD VIAL | D11: mes | E11: 1 | F11: =[4]PRESUPUESTO!$F$10 -> 87125 | G11: =F11*E11 -> 87125
B12: 1.02 | C12: TRABAJOS PRELIMINARES | G12: =SUM(G13:G14) -> 115000
B13: 36893 | C13: MOVILIZACION Y DESMOVILIZACION DE EQUIPOS | D13: glb | E13: 1 | F13: =[4]PRESUPUESTO!$F$12 -> 72000 | G13: =F13*E13 -> 72000
B14: 37258 | C14: TOPOGRAFIA Y GEOREFERENCIACION | D14: mes | E14: 1 | F14: =[4]PRESUPUESTO!$F$13 -> 43000 | G14: =F14*E14 -> 43000
B15: 1.03 | C15: MEJORAMIENTO DE VIAS EXISTENTES | G15: =G16+G19+G24 -> 249190.95
B16: 01.03.01 | C16: MOVIMIENTO DE TIERRAS | G16: =SUM(G17:G18) -> 217762.45
B17: 1.03.01.01 | C17: ROCE Y LIMPIEZA DE MALEZA | D17: m2 | E17: 1407 | F17: =[4]PRESUPUESTO!$F$16 -> 13.642366 | G17: =F17*E17 -> 19194.809
B18: 1.03.01.02 | C18: MEJORAMIENTO DE VIAS EXISTENTES | D18: km | E18: 4.69 | F18: =[4]PRESUPUESTO!$F$17 -> 42338.517 | G18: =F18*E18 -> 198567.64
B19: 1.03.02 | C19: REPOSICIÓN DE ESTRUCTURAS | G19: =SUM(G20:G23) -> 26982.435
B20: 1.03.02.01 | C20: DEMOLICIÓN DE ESTRUCTURAS EXISTENTES | D20: m3 | E20: 0.12 | F20: =[4]PRESUPUESTO!$F$19 -> 2782.708 | G20: =F20*E20 -> 333.92496
B21: 1.03.02.02 | C21: REPOSICIÓN DE PASE DE AGUA TUBERÍA HDPE Ø=36" | D21: M | E21: 8.4 | F21: =[4]PRESUPUESTO!$F$20 -> 1722.2306 | G21: =F21*E21 -> 14466.737
B22: 1.03.02.03 | C22: REPOSICIÓN DE PASE DE AGUA TUBERÍA HDPE Ø=24" | D22: M | E22: 7.4 | F22: =[4]PRESUPUESTO!$F$21 -> 1596.1181 | G22: =F22*E22 -> 11811.274
B23: 1.03.02.04 | C23: SUMINISTRO Y MONTAJE DE LOSAS DE C°A° 1.6mx1.0mx0.20m EN PASE DE AGUA | D23: und | E23: 1 | F23: =[4]PRESUPUESTO!$F$22 -> 370.49976 | G23: =F23*E23 -> 370.49976
B24: 01.03.03 | C24: ESTRUCTURAS DE CONCRETO | G24: =SUM(G25:G26) -> 4446.0623
B25: 1.03.03.01 | C25: CONCRETO 175 Kg/Cm2 | D25: m3 | E25: 3.54 | F25: =[4]PRESUPUESTO!$F$24 -> 541.22856 | G25: =F25*E25 -> 1915.9491
B26: 1.03.03.02 | C26: ENCOFRADO Y DESENCOFRADO NORMAL | D26: m2 | E26: 27.8 | F26: =[4]PRESUPUESTO!$F$25 -> 91.011267 | G26: =F26*E26 -> 2530.1132
B27: 1.04 | C27: DIQUES Y PROTECCIÓN DE CAUCE CON ENROCADO | G27: =G28+G37+G46 -> 254603.51
B28: 01.04.01 | C28: DIQUE DE TIERRA COMPACTADA A4-PT-D-05 | G28: =SUM(G29:G36) -> 123052.36
B29: 01.04.01.01 | C29: DESBROCE Y LIMPIEZA EN ZONA NO BOSCOSA | D29: m2 | E29: 1947 | F29: =[4]PRESUPUESTO!$F$28 -> 5.2843458 | G29: =F29*E29 -> 10288.621
B30: 01.04.01.02 | C30: EXCAVACIÓN EN TERRENO NATURAL CON EQUIPO | D30: m3 | E30: 613.78 | F30: =[4]PRESUPUESTO!$F$29 -> 7.0343928 | G30: =F30*E30 -> 4317.5696
B31: 01.04.01.03 | C31: PERFILADO Y COMPACTACIÓN EN ZONA DE CORTE | D31: m2 | E31: 2026.468 | F31: =[4]PRESUPUESTO!$F$30 -> 2.8450377 | G31: =F31*E31 -> 5765.3778
B32: 01.04.01.04 | C32: CONFORMACIÓN DE CUERPO DE DIQUE | D32: m3 | E32: 823.966 | F32: =[4]PRESUPUESTO!$F$31 -> 30.024547 | G32: =F32*E32 -> 24739.206
B33: 01.04.01.05 | C33: CONFORMACIÓN DE MATERIAL GRANULAR EN CORONA DE DIQUE | D33: m3 | E33: 190.44 | F33: =[4]PRESUPUESTO!$F$32 -> 37.530684 | G33: =F33*E33 -> 7147.3435
B34: 01.04.01.06 | C34: GEOTEXTIL NO TEJIDO 400 G/M2, INC. COLOCACIÓN | D34: m2 | E34: 555.1766 | F34: =[4]PRESUPUESTO!$F$33 -> 17.052433 | G34: =F34*E34 -> 9467.1118
B35: 01.04.01.07 | C35: COLOCACION Y ACOMODO DE ROCA EN UÑA DE DIQUE | D35: m3 | E35: 506 | F35: =[4]PRESUPUESTO!$F$34 -> 88.2 | G35: =F35*E35 -> 44629.2 | I35: =E35 -> 506
B36: 01.04.01.08 | C36: COLOCACION Y ACOMODO DE ROCA EN TALUD DE DIQUE | D36: m3 | E36: 170.04 | F36: =[4]PRESUPUESTO!$F$35 -> 98.2 | G36: =F36*E36 -> 16697.928 | I36: =E36 -> 170.04
B37: 01.04.02 | C37: DIQUE DE TIERRA COMPACTADA A4-PT-D-04 | G37: =SUM(G38:G45) -> 35150.416
B38: 01.04.02.01 | C38: DESBROCE Y LIMPIEZA EN ZONA NO BOSCOSA | D38: m2 | E38: 512 | F38: =[4]PRESUPUESTO!$F$37 -> 5.2843458 | G38: =F38*E38 -> 2705.585
B39: 01.04.02.02 | C39: EXCAVACIÓN EN TERRENO NATURAL CON EQUIPO | D39: m3 | E39: 190.63 | F39: =[4]PRESUPUESTO!$F$38 -> 7.0343928 | G39: =F39*E39 -> 1340.9663
B40: 01.04.02.03 | C40: PERFILADO Y COMPACTACIÓN EN ZONA DE CORTE | D40: m2 | E40: 550.48821 | F40: =[4]PRESUPUESTO!$F$39 -> 2.8450377 | G40: =F40*E40 -> 1566.1597
B41: 01.04.02.04 | C41: CONFORMACIÓN DE CUERPO DE DIQUE | D41: m3 | E41: 206.76 | F41: =[4]PRESUPUESTO!$F$40 -> 30.024547 | G41: =F41*E41 -> 6207.8754
B42: 01.04.02.05 | C42: CONFORMACIÓN DE MATERIAL GRANULAR EN CORONA DE DIQUE | D42: m3 | E42: 47.07 | F42: =[4]PRESUPUESTO!$F$41 -> 37.530684 | G42: =F42*E42 -> 1766.5693
B43: 01.04.02.06 | C43: GEOTEXTIL NO TEJIDO 400 G/M2, INC. COLOCACIÓN | D43: m2 | E43: 157.64806 | F43: =[4]PRESUPUESTO!$F$42 -> 17.052433 | G43: =F43*E43 -> 2688.283 | I43: =E44 -> 125.072
B44: 01.04.02.07 | C44: COLOCACION Y ACOMODO DE ROCA EN UÑA DE DIQUE | D44: m3 | E44: 125.072 | F44: =[4]PRESUPUESTO!$F$43 -> 88.2 | G44: =F44*E44 -> 11031.35 | I44: =E45 -> 79.874
B45: 01.04.02.08 | C45: COLOCACION Y ACOMODO DE ROCA EN TALUD DE DIQUE | D45: m3 | E45: 79.874 | F45: =[4]PRESUPUESTO!$F$44 -> 98.2 | G45: =F45*E45 -> 7843.6268
B46: 01.04.03 | C46: PROTECCION DE TALUDES | G46: =SUM(G47:G53) -> 96400.737
B47: 01.04.03.01 | C47: DESBROCE Y LIMPIEZA EN ZONA NO BOSCOSA | D47: m2 | E47: 1086 | F47: =[4]PRESUPUESTO!$F$46 -> 5.2843458 | G47: =F47*E47 -> 5738.7995
B48: 01.04.03.02 | C48: EXCAVACIÓN EN TERRENO NATURAL CON EQUIPO | D48: m3 | E48: 603.517 | F48: =[4]PRESUPUESTO!$F$47 -> 7.0343928 | G48: =F48*E48 -> 4245.3757
B49: 01.04.03.03 | C49: PERFILADO Y COMPACTACIÓN EN ZONA DE CORTE | D49: m2 | E49: 929.78906 | F49: =[4]PRESUPUESTO!$F$48 -> 2.8450377 | G49: =F49*E49 -> 2645.2849
B50: 01.04.03.04 | C50: RELLENO ESTRUCTURAL CON MATERIAL PROPIO | D50: m3 | E50: 165.458 | F50: =[4]PRESUPUESTO!$F$49 -> 28.293935 | G50: =F50*E50 -> 4681.4579
B51: 01.04.03.05 | C51: GEOTEXTIL NO TEJIDO 400 G/M2, INC. COLOCACIÓN | D51: m2 | E51: 567.3942 | F51: =[4]PRESUPUESTO!$F$50 -> 17.052433 | G51: =F51*E51 -> 9675.4515
B52: 01.04.03.06 | C52: COLOCACION Y ACOMODO DE ROCA EN UÑA DE DIQUE | D52: m3 | E52: 403.285 | F52: =[4]PRESUPUESTO!$F$51 -> 88.2 | G52: =F52*E52 -> 35569.737 | I52: =E52 -> 403.285
B53: 01.04.03.07 | C53: COLOCACION Y ACOMODO DE ROCA EN TALUD DE DIQUE | D53: m3 | E53: 344.65 | F53: =[4]PRESUPUESTO!$F$52 -> 98.2 | G53: =F53*E53 -> 33844.63 | I53: =E53 -> 344.65
B54: 1.05 | C54: REPOSICIÓN DE CAMINO DE ACCESO A4-RC-1 | G54: =SUM(G55:G58) -> 27606.712
B55: 01.05.01 | C55: DESBROCE Y LIMPIEZA EN ZONA NO BOSCOSA | D55: m2 | E55: 1047.8 | F55: =[4]PRESUPUESTO!$F$54 -> 5.2843458 | G55: =F55*E55 -> 5536.9375
B56: 01.05.02 | C56: EXCAVACIÓN EN MATERIAL SUELTO CON EQUIPO | D56: m3 | E56: 486.07 | F56: =[4]PRESUPUESTO!$F$55 -> 7.0343928 | G56: =F56*E56 -> 3419.2073
B57: 01.05.03 | C57: PERFILADO Y COMPACTACIÓN EN ZONA DE CORTE | D57: m2 | E57: 1245.4863 | F57: =[4]PRESUPUESTO!$F$56 -> 2.8450377 | G57: =F57*E57 -> 3543.4553
B58: 01.05.04 | C58: MATERIAL AFIRMADO e=25 cm | D58: m3 | E58: 243.03 | F58: =[4]PRESUPUESTO!$F$57 -> 62.161509 | G58: =F58*E58 -> 15107.111
B59: 1.06 | C59: PROTECCION DEL CAUCE CON ENROCADO | G59: =SUM(G60:G63) -> 58263.845
B60: 01.06.01 | C60: DESBROCE Y LIMPIEZA EN ZONA NO BOSCOSA | D60: m2 | E60: 560.83 | F60: =[4]PRESUPUESTO!$F$59 -> 5.0337525 | G60: =F60*E60 -> 2823.0794
B61: 01.06.02 | C61: EXCAVACIÓN EN MATERIAL SUELTO CON EQUIPO | D61: m3 | E61: 564.05 | F61: =[4]PRESUPUESTO!$F$60 -> 7.0343928 | G61: =F61*E61 -> 3967.7493
B62: 01.06.03 | C62: PERFILADO Y COMPACTACIÓN CON EQUIPO DE FONDO DE EXCAVACIÓN | D62: m2 | E62: 560.83 | F62: =[4]PRESUPUESTO!$F$61 -> 2.8450377 | G62: =F62*E62 -> 1595.5825
B63: 01.06.04 | C63: COLOCACION DE ROCA EN CAUCE | D63: m3 | E63: 540.97 | F63: =[4]PRESUPUESTO!$F$62 -> 92.2 | G63: =F63*E63 -> 49877.434 | I63: =E63 -> 540.97
B64: 1.07 | C64: TRANSPORTE DE MATERIAL | G64: =SUM(G65:G70) -> 167269.72 | I64: =SUM(I35:I63) -> 2169.891
B65: 01.07.01 | C65: TRANPORTE DE MATERIAL GRANULAR PARA DISTANCIAS <1KM | D65: m3·km | E65: 453.58004 | F65: =[4]PRESUPUESTO!$F$64 -> 6.810919 | G65: =F65*E65 -> 3089.2969
B66: 01.07.02 | C66: TRANPORTE DE MATERIAL GRANULAR PARA DISTANCIAS >1KM | D66: m3·km | E66: 2193.1027 | F66: =[4]PRESUPUESTO!$F$65 -> 3.2801031 | G66: =F66*E66 -> 7193.6029
B67: 01.07.03 | C67: TRANPORTE DE ROCA PARA DISTANCIAS <1KM | D67: m3·km | E67: 1909.5032 | F67: =[4]PRESUPUESTO!$F$66 -> 10.216378 | G67: =F67*E67 -> 19508.207
B68: 01.07.04 | C68: TRANPORTE DE ROCA PARA DISTANCIAS >1KM | D68: m3·km | E68: 36454.152 | F68: =[4]PRESUPUESTO!$F$67 -> 3.6445589 | G68: =F68*E68 -> 132859.31
B69: 01.07.05 | C69: TRANPORTE DE MATERIAL EXCEDENTE PARA DISTANCIAS <1KM | D69: m3·km | E69: 216.30814 | F69: =[4]PRESUPUESTO!$F$68 -> 6.810919 | G69: =F69*E69 -> 1473.2572
B70: 01.07.06 | C70: TRANPORTE DE MATERIAL EXCEDENTE PARA DISTANCIAS >1KM | D70: m3·km | E70: 959.12994 | F70: =[4]PRESUPUESTO!$F$69 -> 3.2801031 | G70: =F70*E70 -> 3146.045
B71: 1.08 | C71: PROGRAMA DE CIERRE DE OBRA | G71: =SUM(G72:G73) -> 5433.4723
B72: 01.08.01 | C72: ACONDICIONAMIENTO DE DEPOSITOS DE MATERIALES EXCEDENTES (DME) | D72: m3 | E72: 245.8047 | F72: =[4]PRESUPUESTO!$F$71 -> 5.2465101 | G72: =F72*E72 -> 1289.6168
B73: 01.08.02 | C73: RESTAURACIÓN DE ÁREAS DE INSTALACIONES PROVISIONALES | D73: m2 | E73: 1000 | F73: =[4]PRESUPUESTO!$F$72 -> 4.1438555 | G73: =F73*E73 -> 4143.8555
B74: 1.09 | C74: SEGURIDAD Y SALUD OCUPACIONAL | G74: =SUM(G75:G76) -> 35384.6
B75: 01.09.01 | C75: SEGURIDAD Y SALUD OCUPACIONAL | D75: glb | E75: 1 | F75: =[4]PRESUPUESTO!$F$74 -> 20423.6 | G75: =F75*E75 -> 20423.6
B76: 01.09.02 | C76: IMPLEMENTACIÓN DEL PLAN PARA LA VIGILANCIA, PREVENCIÓN Y CONTROL DE COVID-19 EN EL TRABAJO | D76: glb | E76: 1 | F76: =[4]PRESUPUESTO!$F$75 -> 14961 | G76: =F76*E76 -> 14961
C78: COSTO DIRECTO | G78: =G74+G71+G64+G59+G54+G27+G15+G12+G8 -> 1052677.8
C79: Utilidad | D79: ='GG Y UTLIDAD'!G26 -> 0.1 | G79: ='GG Y UTLIDAD'!F26 -> 105267.78
C80: Gastos Generales | D80: ='GG Y UTLIDAD'!G24 -> 0.40377574 | G80: ='GG Y UTLIDAD'!F24 -> 425045.76
C81: SUBTOTAL | G81: =SUM(G78:G80) -> 1582991.3
C82: IGV | D82: 0.18 | G82: =G81*D82 -> 284938.44
C83: TOTAL | G83: =SUM(G81:G82) -> 1867929.8

Sheet GG Y UTLIDAD
A5: GASTOS GENERALES Y UTILIDAD
A7: ='DATOS GENERALES'!D13 -> PROYECTO: | C7: SERVICIO DE CONSTRUCCIÓN DE DIQUES Y PROTECCIÓN DE TALUDES DE DIQUES CON ENROCADO DEL SECTOR 2 SUBPROYECTO A4 PAMPA DEL TORO
A8: ='DATOS GENERALES'!D16 -> CONTRATO: | C8: ='DATOS GENERALES'!G16 -> EJECUCION DE OBRA | F8: =PRESUPUESTO!F6 -> Fecha Pres. | G8: =PRESUPUESTO!G6 -> 44707
A9: DESCRIPCIÓN | F9: MONEDA NACIONAL
F10: S/. | G10: %
B12: 1.- | C12: COSTO DIRECTO | F12: =PRESUPUESTO!G78 -> 1052677.8
B15: GASTOS GENERALES
B17: A.- | C17: GASTOS FIJOS | F17: ='DESAGREGADO GG'!F25 -> 55201.062 | G17: =ROUND(F17/$F$12,8) -> 0.05243871
C18: No directamente relacionados con el tiempo
B20: B.- | C20: GASTOS VARIABLES | F20: ='DESAGREGADO GG'!F12 -> 369844.7 | G20: =ROUND(F20/$F$12,8) -> 0.35133704
C21: Directamente relacionados con el tiempo
B24: 2.- | C24: TOTAL DE GASTOS GENERALES | F24: =F20+F17 -> 425045.76 | G24: =ROUND(F24/F12,8) -> 0.40377574
B26: 3.- | C26: UTILIDAD | F26: =F12*G26 -> 105267.78 | G26: 0.1
B28: 4.- | C28: SUBTOTAL | F28: =ROUND(+F12+F24+F26,2) -> 1582991.4 | G28: =G24+G26 -> 0.50377574
B31: I.G.V. | F31: =ROUND(F28*G31,2) -> 284938.44 | G31: 0.18
B34: 5.- | C34: TOTAL PRESUPUESTO | F34: =SUM(F28:F31) -> 1867929.8
C38: PRESUPUESTO OFERTADO | F38: 41303138 | G38: =+F38/F38 -> 1 | J38: =+F38*1.5 -> 61954707
F41: 97037604
F43: =+F41-F34 -> 95169674

Sheet DESAGREGADO GG
B5: DESAGREGADO DE GASTOS GENERALES
B7: ='DATOS GENERALES'!D13 -> PROYECTO: | C7: ='DATOS GENERALES'!G13 -> DEFENSAS RIBEREÑAS DEL RIO LACRAMARCA - PAQUETE R-07 - QDA PAMPA DEL TORO
B8: ='DATOS GENERALES'!D16 -> CONTRATO: | C8: ='DATOS GENERALES'!G16 -> EJECUCION DE OBRA
B10: Item | C10: Descripción | D10: Incidencia | E10: Mon | F10: Parcial S/
B12: 1 | C12: GASTOS GENERALES VARIABLES | E12: S/ | F12: =SUM(F13:F23) -> 369844.7
C13: Remuneración de PERSONAL DE DIRECCIÓN | E13: S/ | F13: ='DETALLE GG'!L14 -> 124837.5
C14: Remuneración de PERSONAL DE APOYO | E14: S/ | F14: ='DETALLE GG'!L38 -> 32400
C15: FLOTA LIVIANA (Camionetas, VAN, Couster, Camiones de 4 ton) | E15: S/ | F15: ='DETALLE GG'!L44 -> 110328
C16: Equipos de Laboratorio | E16: S/ | F16: ='DETALLE GG'!L48 -> 2500
C17: Equipos de Topografía | E17: S/ | F17: ='DETALLE GG'!L50 -> 5250
C18: Equipos y Sotfware para sistema de comunicación | E18: S/ | F18: ='DETALLE GG'!L52 -> 11859.2
C19: Consumibles | E19: S/ | F19: ='DETALLE GG'!L57 -> 2250
C20: Exámenes Médicos | E20: S/ | F20: ='DETALLE GG'!L60 -> 16320
C21: Alojamiento, Alimentación, Lavandería & Agua para consumo | E21: S/ | F21: ='DETALLE GG'!L63 -> 31680
C22: Transporte de Personal a Obra | E22: S/ | F22: ='DETALLE GG'!L67 -> 3000
C23: Costos varios de la Mano de Obra de Construcción Civil (Obreros) | E23: S/ | F23: ='DETALLE GG'!L69 -> 29420
B25: 2 | C25: GASTOS GENERALES FIJOS | E25: S/ | F25: ='DETALLE GG'!L74 -> 55201.062
C26: Costos Financieros | E26: S/ | F26: ='DETALLE GG'!L74 -> 55201.062
B28: ** | C28: Sub-total GASTOS GENERALES S/ | E28: S/ | F28: =F25+F12 -> 425045.76
B30: Comentarios:

Sheet DETALLE GG
B7: DETALLE DEL GASTO GENERAL
B8: ='DATOS GENERALES'!D13 -> PROYECTO: | C8: ='DATOS GENERALES'!G13 -> DEFENSAS RIBEREÑAS DEL RIO LACRAMARCA - PAQUETE R-07 - QDA PAMPA DEL TORO
B9: ='DATOS GENERALES'!D16 -> CONTRATO: | C9: ='DATOS GENERALES'!G16 -> EJECUCION DE OBRA | I9: ='DATOS GENERALES'!D22 -> FECHA DE PRESENTACION DE OFERTTA: | L9: ='DATOS GENERALES'!G22 -> 44843
B11: *** Recursos *** | E11: *** Escala Temporal (meses) *** | I11: *** Costo *** | L11: Parcial S/ ( 5 ) = ( 1 ) * ( 4 )
B12: Item | C12: Descripción | D12: Unidad | E12: 1 | F12: =+E12+1 -> 2 | G12: =+F12+1 -> 3 | H12: Cantidad ( 1 ) | I12: Salario Básico S/ ( 2 ) / Costo recurso | J12: LL.SS. ( 3 ) | K12: Salario Bruto S/ ( 4 ) = ( 2 ) + ( 3 )
B13: A | C13: PERSONAL DE DIRECCIÓN Y APOYO DE OBRA | L13: =+SUM(L14,L38) -> 157237.5
B14: A.1 | C14: Remuneración de PERSONAL DE DIRECCIÓN | L14: =L15+L17+L20+L22+L26+L29+L31+L33+L36 -> 124837.5
B15: 1 | C15: Residencia de Proyecto | L15: =SUM(L16:L16) -> 19500
B16: 1.1 | C16: Residente de PROYECTO (PERSONAL CLAVE) | D16: H-mes | F16: 1 | H16: =+SUM(E16:G16) -> 1 | I16: 13000 | J16: =I16*0.5 -> 6500 | K16: =J16+I16 -> 19500 | L16: =H16*K16 -> 19500 | N16: =F16 -> 1
B17: 2 | C17: Gestión de la Seguridad, Medio Ambiente y Salud Ocupacional | L17: =SUM(L18:L19) -> 17250
B18: 2.1 | C18: Jefe de Seguridad, Salud y Medio Ambiente (PERSONAL CLAVE) | D18: H-mes | F18: 1 | H18: =+SUM(E18:G18) -> 1 | I18: 6500 | J18: =I18*0.5 -> 3250 | K18: =J18+I18 -> 9750 | L18: =H18*K18 -> 9750
B19: 2.2 | C19: Médico | D19: H-mes | F19: 1 | H19: =+SUM(E19:G19) -> 1 | I19: 5000 | J19: =I19*0.5 -> 2500 | K19: =J19+I19 -> 7500 | L19: =H19*K19 -> 7500 | N19: =SUM(F18:F19) -> 2
B20: 3 | C20: Administración de CONTRATOS | L20: =SUM(L21:L21) -> 9750
B21: 3.1 | C21: Administrador de Contratos / Contrato Principal | D21: H-mes | F21: 1 | H21: =+SUM(E21:G21) -> 1 | I21: 6500 | J21: =I21*0.5 -> 3250 | K21: =J21+I21 -> 9750 | L21: =H21*K21 -> 9750 | N21: =F21 -> 1
B22: 4 | C22: Gestión de OFICINA TÉCNICA & CONTROL DE PROYECTO | L22: =SUM(L23:L25) -> 23400
B23: 4.1 | C23: Ingeniero de Planeamiento (PERSONAL CLAVE) | D23: H-mes | F23: 1 | H23: =+SUM(E23:G23) -> 1 | I23: 6500 | J23: =I23*0.5 -> 3250 | K23: =J23+I23 -> 9750 | L23: =H23*K23 -> 9750
B24: 4.2 | C24: Topógrafos | D24: H-mes | E24: 0.3 | F24: 1 | H24: =+SUM(E24:G24) -> 1.3 | I24: 3500 | J24: =I24*0.5 -> 1750 | K24: =J24+I24 -> 5250 | L24: =H24*K24 -> 6825
B25: 4.3 | C25: Cadistas | D25: H-mes | E25: 0.3 | F25: 1 | H25: =+SUM(E25:G25) -> 1.3 | I25: 3500 | J25: =I25*0.5 -> 1750 | K25: =J25+I25 -> 5250 | L25: =H25*K25 -> 6825 | N25: =SUM(F23:F25) -> 3
B26: 5 | C26: Gestion de la Calidad | L26: =SUM(L27:L28) -> 15000
B27: 5.1 | C27: Jefe de Calidad (PERSONAL CLAVE) | D27: H-mes | F27: 1 | H27: =+SUM(E27:G27) -> 1 | I27: 6500 | J27: =I27*0.5 -> 3250 | K27: =J27+I27 -> 9750 | L27: =H27*K27 -> 9750
B28: 5.2 | C28: Técnico de Laboratorio | D28: H-mes | F28: 1 | H28: =+SUM(E28:G28) -> 1 | I28: 3500 | J28: =I28*0.5 -> 1750 | K28: =J28+I28 -> 5250 | L28: =H28*K28 -> 5250 | N28: =F28+F27 -> 2
B29: 6 | C29: Gestión de la Construcción | L29: =SUM(L30:L30) -> 9750
B30: 6.1 | C30: Ingeniero de Producción | D30: H-mes | F30: 1 | H30: =+SUM(E30:G30) -> 1 | I30: 6500 | J30: =I30*0.5 -> 3250 | K30: =J30+I30 -> 9750 | L30: =H30*K30 -> 9750 | N30: =F30 -> 1
B31: 7 | C31: Gestión de Relaciones Comunitarias | L31: =L32 -> 7875
B32: 7.1 | C32: Asistenta Social | D32: H-mes | E32: 0.5 | F32: 1 | H32: =+SUM(E32:G32) -> 1.5 | I32: 3500 | J32: =I32*0.5 -> 1750 | K32: =J32+I32 -> 5250 | L32: =H32*K32 -> 7875 | N32: =F32 -> 1
B33: 8 | C33: Administración | L33: =SUM(L34:L35) -> 15750
B34: 8.1 | C34: Administrador de Obra | D34: H-mes | E34: 0.5 | F34: 1 | H34: =+SUM(E34:G34) -> 1.5 | I34: 3500 | J34: =I34*0.5 -> 1750 | K34: =J34+I34 -> 5250 | L34: =H34*K34 -> 7875
B35: 8.2 | C35: Responsable de Recursos Humanos (RRHH) | D35: H-mes | E35: 0.5 | F35: 1 | H35: =+SUM(E35:G35) -> 1.5 | I35: 3500 | J35: =I35*0.5 -> 1750 | K35: =J35+I35 -> 5250 | L35: =H35*K35 -> 7875 | N35: =SUM(F34:F37) -> 3
B36: 9 | C36: Gestión de Equipos | L36: =SUM(L37:L37) -> 6562.5
B37: 9.1 | C37: Responsable de Equipos | D37: H-mes | E37: 0.25 | F37: 1 | H37: =+SUM(E37:G37) -> 1.25 | I37: 3500 | J37: =I37*0.5 -> 1750 | K37: =J37+I37 -> 5250 | L37: =H37*K37 -> 6562.5 | N37: =F37 -> 1 | O37: =SUM(N14:N37) -> 15
B38: A.2 | C38: Remuneración de PERSONAL DE APOYO | L38: =L39 -> 32400
B39: 1 | C39: Auxiliares | L39: =SUM(L40:L43) -> 32400
B40: 1.1 | C40: Auxiliares de administración | D40: H-mes | F40: 1 | H40: =+SUM(E40:G40) -> 1 | I40: 2400 | J40: =I40*0.5 -> 1200 | K40: =J40+I40 -> 3600 | L40: =H40*K40 -> 3600
B41: 1.2 | C41: Auxiliares de topografía | D41: H-mes | F41: 2 | H41: =+SUM(E41:G41) -> 2 | I41: 2400 | J41: =I41*0.5 -> 1200 | K41: =J41+I41 -> 3600 | L41: =H41*K41 -> 7200
B42: 1.3 | C42: Vigilancia | D42: H-mes | F42: 2 | H42: =+SUM(E42:G42) -> 2 | I42: 2400 | J42: =I42*0.5 -> 1200 | K42: =J42+I42 -> 3600 | L42: =H42*K42 -> 7200
B43: 1.4 | C43: Vigias (Peon) | D43: H-mes | F43: 4 | H43: =+SUM(E43:G43) -> 4 | I43: 2400 | J43: =I43*0.5 -> 1200 | K43: =J43+I43 -> 3600 | L43: =H43*K43 -> 14400 | N43: =SUM(H40:H43) -> 9 | O43: =N43+N46 -> 14
B44: B | C44: FLOTA LIVIANA (Camionetas, VAN, Couster, Camiones de 4 ton) | L44: =SUM(L45:L46) -> 110328
B45: 1.1 | C45: CAMIONETA PICK UP Doble cabina 4x4 (incluye chofer + B5) | D45: Veh-mes | E45: 2 | F45: 2 | H45: =+SUM(E45:G45) -> 4 | I45: =((1650*3.88)+(2400*1.5)+(15*30*16.5)) -> 17427 | K45: =J45+I45 -> 17427 | L45: =H45*K45 -> 69708
B46: 1.2 | C46: CISTERNA de Combustible de 2500 galones (incluye chofer + B5) | D46: Veh-mes | E46: 0.5 | F46: 1 | H46: =+SUM(E46:G46) -> 1.5 | I46: =((3500*3.88)+(2400*1.5)+(20*30*16.5)) -> 27080 | K46: =J46+I46 -> 27080 | L46: =H46*K46 -> 40620 | N46: 5
B47: C | C47: EQUIPOS DE LABORATORIO, COMUNICACIÓN Y SISTEMAS | L47: =L48+L50+L52 -> 19609.2
B48: 1 | C48: Equipos de Laboratorio | L48: =SUM(L49) -> 2500
B49: 1.1 | C49: LABORATORIO de SUELOS (Equipado completamente) | D49: Mes | F49: 1 | H49: =+SUM(E49:G49) -> 1 | I49: 2500 | K49: =J49+I49 -> 2500 | L49: =H49*K49 -> 2500
B50: 2 | C50: Equipos de Topografía | L50: =SUM(L51) -> 5250
B51: 2.1 | C51: Estación Total | D51: Mes | E51: 0.5 | F51: 1 | H51: =+SUM(E51:G51) -> 1.5 | I51: 3500 | K51: =J51+I51 -> 3500 | L51: =H51*K51 -> 5250
B52: 3 | C52: Equipos y Sotfware para sistema de comunicación | L52: =SUM(L53:L55) -> 11859.2
B53: 3.1 | C53: RADIO Portátil | D53: Mes | F53: 12 | H53: =+SUM(E53:G53) -> 12 | I53: =70*3.88 -> 271.6 | K53: =J53+I53 -> 271.6 | L53: =H53*K53 -> 3259.2
B54: 3.2 | C54: Computadoras p/personal empleado (alquiler) | D54: Mes | F54: 10 | H54: =+SUM(E54:G54) -> 10 | I54: 380 | K54: =J54+I54 -> 380 | L54: =H54*K54 -> 3800
B55: 3.3 | C55: Impresoras A4 | D55: Und | F55: 4 | H55: =+SUM(E55:G55) -> 4 | I55: 1200 | K55: =J55+I55 -> 1200 | L55: =H55*K55 -> 4800
B56: D | C56: GASTOS GENERALES VARIOS | L56: =L57+L60+L63+L67+L69 -> 82670
B57: 1 | C57: Consumibles | L57: =SUM(L58:L59) -> 2250
B58: 1.1 | C58: ECONOMATO: Utiles de Oficinas | D58: Mes | F58: 1 | H58: =+SUM(E58:G58) -> 1 | I58: 1500 | K58: =J58+I58 -> 1500 | L58: =H58*K58 -> 1500
B59: 1.2 | C59: TOPOGRAFÍA: Consumibles de Topografía | D59: Mes | E59: 0.5 | F59: 1 | H59: =+SUM(E59:G59) -> 1.5 | I59: 500 | K59: =J59+I59 -> 500 | L59: =H59*K59 -> 750
B60: 2 | C60: Exámenes Médicos | L60: =SUM(L61:L62) -> 16320
B61: 2.1 | C61: EMO - PRE-OCUPACIONAL | D61: Und | E61: 1 | H61: =+SUM(E61:G61) -> 1 | I61: =160*('[4]Dimensionamiento de MO'!$L$11+'[4]Dimensionamiento equipos'!$M$19+N61) -> 8160 | K61: =J61+I61 -> 8160 | L61: =H61*K61 -> 8160 | N61: =SUM(N14:N60) -> 29
B62: 2.2 | C62: EMO - POST-OCUPACIONAL | D62: Und | F62: 1 | H62: =+SUM(E62:G62) -> 1 | I62: =160*('[4]Dimensionamiento de MO'!$L$11+'[4]Dimensionamiento equipos'!$M$19+N61) -> 8160 | K62: =J62+I62 -> 8160 | L62: =H62*K62 -> 8160
B63: 3 | C63: Alojamiento, Alimentación, Lavandería & Agua para consumo | L63: =SUM(L64:L66) -> 31680
B64: 3.1 | C64: ALIMENTACIÓN de Personal de Dirección | D64: Mes | F64: 1 | H64: =+SUM(E64:G64) -> 1 | I64: =36*O37*30 -> 16200 | K64: =J64+I64 -> 16200 | L64: =H64*K64 -> 16200
B65: 3.2 | C65: ALIMENTACIÓN de Personal de Apoyo | D65: Mes | F65: 1 | H65: =+SUM(E65:G65) -> 1 | I65: =36*O43*30 -> 15120 | K65: =J65+I65 -> 15120 | L65: =H65*K65 -> 15120
B66: 3.3 | C66: AGUA : Cajas de 20L | D66: Und | F66: 1 | H66: =+SUM(E66:G66) -> 1 | I66: =30*12 -> 360 | K66: =J66+I66 -> 360 | L66: =H66*K66 -> 360
B67: 4 | C67: Transporte de Personal a Obra | L67: =SUM(L68:L68) -> 3000
B68: 4.1 | C68: BAÑO QUÍMICOS : Inc. Limpieza 2 veces x semana | D68: Mes | F68: 2 | H68: =+SUM(E68:G68) -> 2 | I68: =150*10 -> 1500 | K68: =J68+I68 -> 1500 | L68: =H68*K68 -> 3000
B69: 5 | C69: Costos de la Mano de Obra de Construcción Civil (Obreros) | L69: =SUM(L70:L73) -> 29420
B70: 5.1 | C70: Movilización interna en Obra (Desde paradero de recojo a Obra) | D70: S/ | F70: 1 | H70: =+SUM(E70:G70) -> 1 | I70: 15000 | K70: =J70+I70 -> 15000 | L70: =H70*K70 -> 15000
B71: 5.2 | C71: Servicio de Alojamiento, Lavanderia y Limpieza | D71: S/ | F71: 1 | H71: =+SUM(E71:G71) -> 1 | I71: 3500 | K71: =J71+I71 -> 3500 | L71: =H71*K71 -> 3500
B72: 5.3 | C72: Servicio de Alimentación de personal obrero/operadores | D72: S/ | F72: 1 | H72: =+SUM(E72:G72) -> 1 | I72: =12*22*30 -> 7920 | K72: =J72+I72 -> 7920 | L72: =H72*K72 -> 7920
B73: 5.4 | C73: Consumo de agua | D73: S/ | F73: 1 | H73: =+SUM(E73:G73) -> 1 | I73: 3000 | K73: =J73+I73 -> 3000 | L73: =H73*K73 -> 3000
B74: E | C74: GASTOS FINANCIEROS | L74: =SUM(L75:L83) -> 55201.062
B75: 1 | C75: CARTA FIANZA de Fiel Cumplimiento (10%) | D75: S/ | F75: 1 | H75: =+SUM(E75:G75) -> 1 | I75: =(((185000*0.09/12))*13) -> 18037.5 | K75: =J75+I75 -> 18037.5 | L75: =K75*H75 -> 18037.5
B76: 2 | C76: CARTA FIANZA de Adelanto en Efectivo (15%) | D76: S/ | E76: 0.5 | F76: 1 | H76: =+SUM(E76:G76) -> 1.5 | I76: =((277500)*0.09)/12 -> 2081.25 | K76: =J76+I76 -> 2081.25 | L76: =K76*H76 -> 3121.875
B77: 3 | C77: FIANZA POR DEVOLUCION DEL 30% DEL FONDO DE GARANTIA (5%) | D77: S/ | F77: 1 | H77: =+SUM(E77:G77) -> 1 | I77: =((1850000*0.05)*0.3*0.09)/12*13 -> 2705.625 | K77: =J77+I77 -> 2705.625 | L77: =K77*H77 -> 2705.625
B78: 4 | C78: Impuesto a las transacciones bancarias (ITF) | D78: S/ | F78: 1 | H78: =+SUM(E78:G78) -> 1 | I78: =(1850000*0.0005)/6 -> 154.16667 | K78: =J78+I78 -> 154.16667 | L78: =K78*H78 -> 154.16667
B79: 6 | C79: Seguro de responsabilidad civil | D79: S/ | F79: 1 | H79: 1 | I79: 8507.8 | K79: =J79+I79 -> 8507.8 | L79: =H79*K79 -> 8507.8
B80: 7 | C80: Seguro de responsabilidad civil de vehículos, incluidos los vehículos propios, contratados, alquilados y/o de terceros | D80: S/ | F80: 1 | H80: 1 | I80: 3070.6058 | K80: =J80+I80 -> 3070.6058 | L80: =H80*K80 -> 3070.6058
B81: 8 | C81: Seguro de responsabilidad civil de equipos de construcción (maquinaria móvil y/o línea amarilla) | D81: S/ | F81: 1 | H81: 1 | I81: 3255.17 | K81: =J81+I81 -> 3255.17 | L81: =H81*K81 -> 3255.17
B82: 9 | C82: póliza de Todo Riesgo de Equipo y/o Maquinaria de Contratista (TREC) | D82: S/ | F82: 1 | H82: 1 | I82: 12648.32 | K82: =J82+I82 -> 12648.32 | L82: =H82*K82 -> 12648.32
B83: 10 | C83: Tasa de Contribución al Sencico | D83: S/ | F83: 1 | H83: =+SUM(E83:G83) -> 1 | I83: =(1850000*0.002) -> 3700 | K83: =I83*H83 -> 3700 | L83: =K83 -> 3700
C85: COSTO TOTAL PARA EL ANÁLISIS DE LOS GASTOS GENERALES (A + B + C + D + E) | J85: S/ | K85: =+SUM(L13,L44,L47,L56,L74) -> 425045.76
B86: ***

Sheet EPPS
A4: Implementos de Seguridad Profesionales y Técnicos | D4: Implementos de Seguridad Administrativo y Auxiliar | G4: Implementos de Seguridad Operadores | J4: Implementos de Seguridad Obreros
A6: EPP | B6: P.U | D6: EPP | E6: P.U | G6: EPP | H6: P.U | J6: EPP | K6: P.U
A7: CASCO | B7: 47 | D7: CASCO | E7: 47 | G7: CASCO | H7: 47 | J7: CASCO | K7: 47
A8: BARBIQUEJO | B8: 2 | D8: BARBIQUEJO | E8: 2 | G8: BARBIQUEJO | H8: 2 | J8: BARBIQUEJO | K8: 2
A9: TAPONES AUDITIVOS | B9: 1.5 | D9: TAPONES AUDITIVOS | E9: 1.5 | G9: TAPONES AUDITIVOS | H9: 1.5 | J9: TAPONES AUDITIVOS | K9: 1.5
A10: PANTALON | B10: 40 | D10: PANTALON | E10: 40 | G10: PANTALON | H10: 40 | J10: PANTALON | K10: 40
A11: CAMISA | B11: 60 | D11: CAMISA | E11: 60 | G11: CAMISA | H11: 0 | J11: CAMISA | K11: 0
A12: POLO MANGA LARGA | B12: 0 | D12: POLO MANGA LARGA | E12: 0 | G12: POLO MANGA LARGA | H12: 21 | J12: POLO MANGA LARGA | K12: 21
A13: BOTAS PUNTA DE ACERO | B13: 99.9 | D13: BOTAS PUNTA DE ACERO | E13: 99.9 | G13: BOTAS PUNTA DE ACERO | H13: 99.9 | J13: BOTAS PUNTA DE ACERO | K13: 99.9
A14: GUANTES | B14: 12.2 | D14: GUANTES | E14: 12.2 | G14: GUANTES | H14: 12.2 | J14: GUANTES | K14: 12.2
A15: LENTES .OSCUROS | B15: 5.5 | D15: LENTES .OSCUROS | E15: 5.5 | G15: LENTES .OSCUROS | H15: 5.5 | J15: LENTES .OSCUROS | K15: 5.5
A16: LENTES BLANCOS | B16: 5.5 | D16: LENTES BLANCOS | E16: 5.5 | G16: LENTES BLANCOS | H16: 5.5 | J16: LENTES BLANCOS | K16: 5.5
A17: CORTAVIENTOS | B17: 7 | D17: CORTAVIENTOS | E17: 7 | G17: CORTAVIENTOS | H17: 7 | J17: CORTAVIENTOS | K17: 7
A18: MASCARILLA KM95 CAJA | B18: 66 | D18: MASCARILLA KM95 CAJA | E18: 66 | G18: MASCARILLA KM95 CAJA | H18: 66 | J18: MASCARILLA KM95 CAJA | K18: 66
B19: =SUM(B7:B18) -> 346.6 | E19: =SUM(E7:E18) -> 346.6 | H19: =SUM(H7:H18) -> 307.6 | K19: =SUM(K7:K18) -> 307.6
A20: *No incluye IGV
